HSSL
JEFFERSONVILLE-YOUNGSVILLE CENTRAL HS TROJANS @ RANDALL HS RAIDERS
04/28/2030
 
TOP OF THE 1ST
Jeffersonville-Youngsville Central HS Trojans batting - Pitching for Randall HS Raiders : LHP Robbie Dukes
Pitching: LHP Robbie Dukes
Batting: LHB Tony Chávez 0-0: Called Strike
0-1: Ball
1-1: Ball
2-1: Called Strike
2-2: Fly out, F9 (Line Drive, 9D)
Batting: RHB Bob Perkins 0-0: Ball
1-0: Foul Ball, location: 2F
1-1: Foul Ball, location: 2F
1-2: Foul Ball, location: 2F
1-2: Foul Ball, location: 2F
1-2: Strikes out looking
Batting: LHB Steve Parker 0-0: Fly out, F9 (Flyball, 89XD)
Top of the 1st over - 0 runs, 0 hits, 0 errors, 0 left on base; Jeffersonville-Youngsville Central HS 0 - Randall HS 0
BOTTOM OF THE 1ST
Randall HS Raiders batting - Pitching for Jeffersonville-Youngsville Central HS Trojans : LHP Ray Anderson
Pitching: LHP Ray Anderson
Batting: RHB Tony Burhoe 0-0: Ball
1-0: Called Strike
1-1: Fly out, F2 (Popup, 2LF)
Batting: RHB Carlos Rivera 0-0: Ball
1-0: Called Strike
1-1: Ball
2-1: Fly out, F7 (Flyball, 7LSF)
Batting: RHB John Zhu 0-0: Ball
1-0: Ball
2-0: Ball
3-0: Called Strike
3-1: Foul Ball, location: 2F
3-2: Foul Ball, location: 2F
3-2: Foul Ball, location: 2F
3-2: Base on Balls
Batting: RHB Brody Sexton 0-0: Called Strike
0-1: Ball
1-1: Ball
2-1: Foul Ball, location: 2F
2-2: Ball
3-2: SINGLE (Line Drive, 7S)
John Zhu to second
John Zhu to third
Batting: RHB Michael Brown 0-0: Fly out, F8 (Line Drive, 8RM)
Bottom of the 1st over - 0 runs, 1 hit, 0 errors, 2 left on base; Jeffersonville-Youngsville Central HS 0 - Randall HS 0
TOP OF THE 2ND
Jeffersonville-Youngsville Central HS Trojans batting - Pitching for Randall HS Raiders : LHP Robbie Dukes
Batting: RHB Glenn Brooks 0-0: Ball
1-0: Called Strike
1-1: Ball
2-1: Swinging Strike
2-2: Foul Ball, location: 2F
2-2: Ball
3-2: Strikes out looking
Batting: LHB Ed Williams 0-0: Called Strike
0-1: Swinging Strike
0-2: Ball
1-2: Strikes out swinging
Batting: RHB Murray Jackson 0-0: Ball
1-0: Ball
2-0: Called Strike
2-1: Fly out, F3 (Popup, 34S)
Top of the 2nd over - 0 runs, 0 hits, 0 errors, 0 left on base; Jeffersonville-Youngsville Central HS 0 - Randall HS 0
BOTTOM OF THE 2ND
Randall HS Raiders batting - Pitching for Jeffersonville-Youngsville Central HS Trojans : LHP Ray Anderson
Batting: LHB En-guo Wang 0-0: SINGLE (Groundball, 4MD)
Batting: RHB Joe Reeves 0-0: Ball
1-0: Ball
2-0: Ball
3-0: Called Strike
3-1: Foul Ball, location: 2F
3-2: Grounds into double play, 6-4-3 (Groundball, 6)
Batting: LHB Kade Clark 0-0: Ball
1-0: Ball
2-0: Called Strike
2-1: Fly out, F8 (Flyball, 8LS)
Bottom of the 2nd over - 0 runs, 1 hit, 0 errors, 0 left on base; Jeffersonville-Youngsville Central HS 0 - Randall HS 0
TOP OF THE 3RD
Jeffersonville-Youngsville Central HS Trojans batting - Pitching for Randall HS Raiders : LHP Robbie Dukes
Batting: RHB Jeff Valentine 0-0: Called Strike
0-1: Ball
1-1: Ball
2-1: Foul Ball, location: 2F
2-2: Foul Ball, location: 2F
2-2: Foul Ball, location: 2F
2-2: Fly out, F8 (Flyball, 8RD)
Batting: RHB John Goudie 0-0: Ball
1-0: Ball
2-0: Ball
3-0: Called Strike
3-1: Foul Ball, location: 2F
3-2: Strikes out looking
Batting: RHB Myron Preston 0-0: Called Strike
0-1: Swinging Strike
0-2: Foul Ball, location: 2F
0-2: Strikes out swinging
Top of the 3rd over - 0 runs, 0 hits, 0 errors, 0 left on base; Jeffersonville-Youngsville Central HS 0 - Randall HS 0
BOTTOM OF THE 3RD
Randall HS Raiders batting - Pitching for Jeffersonville-Youngsville Central HS Trojans : LHP Ray Anderson
Batting: RHB Luis Sánchez 0-0: Called Strike
0-1: Foul Ball, location: 2F
0-2: Ball
1-2: Foul Ball, location: 2F
1-2: Strikes out swinging
Batting: RHB Tony Burhoe 0-0: Ball
1-0: Swinging Strike
1-1: Ball
2-1: Swinging Strike
2-2: Foul Ball, location: 2F
2-2: Ball
3-2: Base on Balls
Batting: RHB Carlos Rivera 0-0: Ball
1-0: Swinging Strike
1-1: Reached on error, E3 (Groundball, 34S)
Tony Burhoe to second
Batting: RHB John Zhu 0-0: Foul Ball, location: 2F
0-1: Ball
1-1: Ball
2-1: Ball
3-1: Swinging Strike
3-2: Base on Balls
Tony Burhoe to third
Carlos Rivera to second
Batting: RHB Brody Sexton 0-0: Swinging Strike
0-1: Ball
1-1: Swinging Strike
1-2: Fly out, F3 (Popup, 34S)
Batting: RHB Michael Brown 0-0: Ball
1-0: SINGLE (Groundball, 4MD)
Tony Burhoe scores
Carlos Rivera to third
John Zhu to second
Runner from 3rd tries for Home, SAFE, throw made home
Batting: LHB En-guo Wang 0-0: Ball
1-0: SINGLE (Line Drive, 56D)
John Zhu to third
Michael Brown to second
Runner from 3rd tries for Home, SAFE, throw made home
Batting: RHB Joe Reeves 0-0: Ball
1-0: Called Strike
1-1: Called Strike
1-2: Fly out, F8 (Line Drive, 8LD)
Bottom of the 3rd over - 3 runs, 2 hits, 1 error, 2 left on base; Jeffersonville-Youngsville Central HS 0 - Randall HS 3
TOP OF THE 4TH
Jeffersonville-Youngsville Central HS Trojans batting - Pitching for Randall HS Raiders : LHP Robbie Dukes
Batting: LHB Tony Chávez 0-0: Foul Ball, location: 2F
0-1: Called Strike
0-2: Strikes out swinging
Batting: RHB Bob Perkins 0-0: Ball
1-0: Called Strike
1-1: Swinging Strike
1-2: Ball
2-2: Foul Ball, location: 2F
2-2: Ball
3-2: Fly out, F9 (Flyball, 9)
Batting: LHB Steve Parker 0-0: Fly out, F8 (Flyball, 8LD)
Top of the 4th over - 0 runs, 0 hits, 0 errors, 0 left on base; Jeffersonville-Youngsville Central HS 0 - Randall HS 3
BOTTOM OF THE 4TH
Randall HS Raiders batting - Pitching for Jeffersonville-Youngsville Central HS Trojans : LHP Ray Anderson
Batting: LHB Kade Clark 0-0: Ball
1-0: Called Strike
1-1: Foul Ball, location: 2F
1-2: Strikes out swinging
Batting: RHB Luis Sánchez 0-0: Ball
1-0: Called Strike
1-1: Called Strike
1-2: Strikes out swinging
Batting: RHB Tony Burhoe 0-0: Ball
1-0: Ball
2-0: Ball
3-0: Called Strike
3-1: Ground out 6-3 (Groundball, 6)
Bottom of the 4th over - 0 runs, 0 hits, 0 errors, 0 left on base; Jeffersonville-Youngsville Central HS 0 - Randall HS 3
TOP OF THE 5TH
Jeffersonville-Youngsville Central HS Trojans batting - Pitching for Randall HS Raiders : LHP Robbie Dukes
Batting: RHB Glenn Brooks 0-0: Foul Ball, location: 2F
0-1: Ball
1-1: Fly out, F7 (Flyball, 7S)
Batting: LHB Ed Williams 0-0: Ball
1-0: Swinging Strike
1-1: Called Strike
1-2: Ball
2-2: Foul Ball, location: 2F
2-2: Strikes out swinging
Batting: RHB Murray Jackson 0-0: Ball
1-0: Foul Ball, location: 2F
1-1: Ball
2-1: SOLO HOME RUN (Flyball, 9LD), Distance : 352 ft
Batting: RHB Jeff Valentine 0-0: Ball
1-0: Ground out 1-3 (Groundball, 15S)
Top of the 5th over - 1 run, 1 hit, 0 errors, 0 left on base; Jeffersonville-Youngsville Central HS 1 - Randall HS 3
BOTTOM OF THE 5TH
Randall HS Raiders batting - Pitching for Jeffersonville-Youngsville Central HS Trojans : LHP Ray Anderson
Batting: RHB Carlos Rivera 0-0: Ball
1-0: Swinging Strike
1-1: Ball
2-1: Foul Ball, location: 2F
2-2: Foul Ball, location: 2F
2-2: Foul Ball, location: 2F
2-2: Ball
3-2: Foul Ball, location: 2F
3-2: SINGLE (Line Drive, 7LM)
Pitching: RHP Phil Rivera
Batting: RHB John Zhu 0-0: Ball
1-0: Ball
2-0: Called Strike
2-1: Called Strike
2-2: Ball
3-2: Foul Ball, location: 2F
3-2: Ground out 4-3 (Groundball, 34)
Carlos Rivera to second
Batting: RHB Brody Sexton 0-0: Ball
1-0: Swinging Strike
1-1: Ball
2-1: Ball
3-1: Base on Balls
Batting: RHB Michael Brown 0-0: Ball
1-0: Foul Ball, location: 2F
1-1: Grounds into double play, 4-6-3 (Groundball, 4)
Bottom of the 5th over - 0 runs, 1 hit, 0 errors, 1 left on base; Jeffersonville-Youngsville Central HS 1 - Randall HS 3
TOP OF THE 6TH
Jeffersonville-Youngsville Central HS Trojans batting - Pitching for Randall HS Raiders : LHP Robbie Dukes
Batting: RHB John Goudie 0-0: Called Strike
0-1: Called Strike
0-2: Foul Ball, location: 2F
0-2: Ball
1-2: Ball
2-2: Strikes out swinging, 2-3 out at first.
Batting: RHB Myron Preston 0-0: Foul Ball, location: 2F
0-1: Called Strike
0-2: Strikes out swinging
Batting: LHB Tony Chávez 0-0: Ball
1-0: Called Strike
1-1: Fly out, F7 (Flyball, 7D)
Top of the 6th over - 0 runs, 0 hits, 0 errors, 0 left on base; Jeffersonville-Youngsville Central HS 1 - Randall HS 3
BOTTOM OF THE 6TH
Randall HS Raiders batting - Pitching for Jeffersonville-Youngsville Central HS Trojans : RHP Phil Rivera
Batting: LHB En-guo Wang 0-0: Ground out U3 (Groundball, 34)
Batting: RHB Joe Reeves 0-0: Foul Ball, location: 2F
0-1: SINGLE (Groundball, 4) (infield hit)
Batting: LHB Kade Clark 0-0: Called Strike
0-1: Foul Ball, location: 2F
0-2: Strikes out swinging
Batting: RHB Luis Sánchez 0-0: Called Strike
0-1: SINGLE (Flyball, 89M)
Joe Reeves to second
Batting: RHB Tony Burhoe 0-0: Foul Ball, location: 2F
0-1: Ball
1-1: Ball
2-1: Ball
3-1: Foul Ball, location: 2F
3-2: Base on Balls
Joe Reeves to third
Luis Sánchez to second
Batting: RHB Carlos Rivera 0-0: Called Strike
0-1: Called Strike
0-2: Strikes out swinging
Bottom of the 6th over - 0 runs, 2 hits, 0 errors, 3 left on base; Jeffersonville-Youngsville Central HS 1 - Randall HS 3
TOP OF THE 7TH
Jeffersonville-Youngsville Central HS Trojans batting - Pitching for Randall HS Raiders : LHP Robbie Dukes
Pitching: RHP Herman Hansen
Batting: RHB Bob Perkins 0-0: Ball
1-0: Fly out, F9 (Flyball, 9LS)
Batting: LHB Steve Parker 0-0: Ball
1-0: Ball
2-0: Called Strike
2-1: Ground out 1-3 (Groundball, P)
Batting: RHB Glenn Brooks 0-0: Swinging Strike
0-1: Foul Ball, location: 2F
0-2: Foul Ball, location: 2F
0-2: Strikes out swinging, 2-3 out at first.
Top of the 7th over - 0 runs, 0 hits, 0 errors, 0 left on base; Jeffersonville-Youngsville Central HS 1 - Randall HS 3
BOTTOM OF THE 7TH
Randall HS Raiders batting - Pitching for Jeffersonville-Youngsville Central HS Trojans : RHP Phil Rivera
Batting: RHB John Zhu 0-0: Ball
1-0: Swinging Strike
1-1: Ball
2-1: Called Strike
2-2: Ball
3-2: Base on Balls
Batting: RHB Brody Sexton 0-0: Called Strike
0-1: Ball
1-1: SINGLE (Groundball, 34D)
John Zhu to second
Runner from 2nd tries for 3rd, SAFE, no throw
Batting: RHB Michael Brown 0-0: Swinging Strike
0-1: Called Strike
0-2: Foul Ball, location: 2F
0-2: Foul Ball, location: 2F
0-2: Fly out, F8 (Flyball, 8LM)
Pitching: LHP Derek Chipman
Batting: LHB En-guo Wang 0-0: Ball
1-0: Called Strike
1-1: Ball
2-1: Called Strike
2-2: Strikes out looking
Pitching: RHP Brian Brewer
Batting: RHB Joe Reeves 0-0: Foul Ball, location: 2F
0-1: Called Strike
0-2: Strikes out looking
Bottom of the 7th over - 0 runs, 1 hit, 0 errors, 2 left on base; Jeffersonville-Youngsville Central HS 1 - Randall HS 3
TOP OF THE 8TH
Jeffersonville-Youngsville Central HS Trojans batting - Pitching for Randall HS Raiders : RHP Herman Hansen
Batting: LHB Ed Williams 0-0: Called Strike
0-1: Called Strike
0-2: Ball
1-2: Foul Ball, location: 2F
1-2: Ball
2-2: Ball
3-2: Base on Balls
Batting: RHB Murray Jackson 0-0: Ball
1-0: Ball
2-0: Ball
3-0: Base on Balls
Ed Williams to second
Pitching: RHP Branson Dadswell
Batting: RHB Jeff Valentine 0-0: Ball
1-0: Ball
2-0: Sac Bunt - play at first, batter OUT! U3
Ed Williams to third
Murray Jackson to second
Batting: RHB John Goudie 0-0: Called Strike
0-1: Swinging Strike
0-2: Foul Ball, location: 2F
0-2: Ball
1-2: Ball
2-2: Strikes out swinging
Batting: RHB Myron Preston 0-0: Called Strike
0-1: Called Strike
0-2: Ball
1-2: Ball
2-2: Strikes out looking
Top of the 8th over - 0 runs, 0 hits, 0 errors, 2 left on base; Jeffersonville-Youngsville Central HS 1 - Randall HS 3
BOTTOM OF THE 8TH
Randall HS Raiders batting - Pitching for Jeffersonville-Youngsville Central HS Trojans : RHP Brian Brewer
Batting: LHB Kade Clark 0-0: Ball
1-0: Ball
2-0: Ball
3-0: Base on Balls
Batting: RHB Luis Sánchez 0-0: Sac Bunt - play at first, batter OUT! 1-3
Kade Clark to second
Batting: RHB Tony Burhoe 0-0: Ball
1-0: Ground out 5-3 (Groundball, 56)
Batting: RHB Carlos Rivera 0-0: Called Strike
0-1: Foul Ball, location: 2F
0-2: SINGLE (Line Drive, 6D)
Kade Clark to third
Runner from 3rd tries for Home, SAFE, no throw
Batting: RHB John Zhu 0-0: Called Strike
0-1: Ball
1-1: Ball
2-1: Called Strike
2-2: Foul Ball, location: 2F
2-2: Ball
3-2: Base on Balls
Carlos Rivera to second
Batting: RHB Brody Sexton 0-0: Foul Ball, location: 2F
0-1: Ball
1-1: Ball
2-1: Fly out, F3 (Popup, 34S)
Bottom of the 8th over - 1 run, 1 hit, 0 errors, 2 left on base; Jeffersonville-Youngsville Central HS 1 - Randall HS 4
TOP OF THE 9TH
Jeffersonville-Youngsville Central HS Trojans batting - Pitching for Randall HS Raiders : RHP Branson Dadswell
Pitching: RHP Bob Elliott
Batting: LHB Tony Chávez 0-0: Ball
1-0: Ball
2-0: Ball
3-0: Base on Balls
Batting: RHB Bob Perkins 0-0: Foul Ball, location: 2F
0-1: Foul Ball, location: 2F
0-2: Ball
1-2: Ball
2-2: Ball
3-2: Base on Balls
Tony Chávez to second
Batting: LHB Steve Parker 0-0: Foul Ball, location: 2F
0-1: Ball
1-1: Foul Ball, location: 2F
1-2: Strikes out swinging
Batting: RHB Glenn Brooks 0-0: Fly out, F8 (Flyball, 8LD)
Batting: LHB Ed Williams 0-0: Ball
1-0: Called Strike
1-1: Foul Ball, location: 2F
1-2: Ball
2-2: SINGLE (Flyball, 7LS)
Tony Chávez to third
Bob Perkins to second
Batting: RHB Murray Jackson 0-0: Ground out 4-3 (Groundball, 4)
Top of the 9th over - 0 runs, 1 hit, 0 errors, 3 left on base; Jeffersonville-Youngsville Central HS 1 - Randall HS 4
Saturday, April 7th, 2018 - OOTP Baseball 18.8 Build 76